 Dungeon Crawl Stone Soup version 0.31-a0-240-gb923e448b6 (webtiles) character file.

Game seed: 6747050855106990789

70 qw the Shooter (level 4, -5/36 HPs)
             Began as a Minotaur Hexslinger on July 11, 2023.
             Slain by Terence
             ... wielding a +0 falchion
              (8 damage)
             ... on level 2 of the Dungeon.
             The game lasted 00:00:28 (906 turns).

qw the Shooter (Minotaur Hexslinger)                 Turns: 906, Time: 00:00:29

Health: -5/36      AC:  2    Str: 12    XL:     4   Next: 3%
Magic:  4/4        EV: 12    Int: 10    God:
Gold:   72         SH:  0    Dex: 15    Spells: 4/5 levels left

rFire   . . .        Y - +1 sling
rCold   . . .        (no shield)
rNeg    . . .        c - +0 robe
rPois   .            (helmet restricted)
rElec   .            (no cloak)
rCorr   .            (no gloves)
SInv    .            (no boots)
Will    .....        (no amulet)
Stlth   +            (no ring)
HPRegen 0.26/turn    (no ring)
MPRegen 0.09/turn

%: no passive effects
@: no status effects
A: horns 2, retaliatory headbutt
a: no special abilities


You were on level 2 of the Dungeon.
You visited 1 branch of the dungeon, and saw 2 of its levels.

You collected 72 gold pieces.


Innate Abilities, Weirdness & Mutations

You have a pair of horns on your head.
You reflexively headbutt those who attack you in melee.


   Skills:
 - Level 2.0 Fighting
 + Level 4.5 Ranged Weapons
 - Level 2.1 Dodging
 - Level 1.0 Spellcasting
 - Level 2.0 Hexes


You had 4 spell levels left.
You knew the following spells:

 Your Spells              Type           Power      Damage    Failure   Level
a - Slow                  Hex            16%        N/A       16%         1

Your spell library contained the following spells:

 Spells                   Type           Power      Damage    Failure   Level
 Inner Flame              Hex/Fire       2%         N/A       56%         3
 Portal Projectile        Hex/Tloc       4%         N/A       56%         3
 Cause Fear               Hex            2%         N/A       83%         4

Inventory:

Hand Weapons
 Y - a +1 sling (weapon)
Armour
 c - a +0 robe (worn)
Scrolls
 a - a scroll of enchant weapon {unknown}
 e - a scroll of fog {unknown}
Potions
 b - a potion of degeneration {unknown}
 d - a potion of attraction {unknown}

Dungeon Overview and Level Annotations

Branches:
Dungeon (2/15)

Altars:

Annotations:
D:2 Terence


Message History

There is a large open door here.
Enter note:
Enter note:
Enter note:
Enter note: You shoot a sling bullet.
The sling bullet hits Terence.
Terence shouts!
Terence is lightly wounded.
You shoot a sling bullet. The sling bullet barely misses Terence.
You shoot a sling bullet. The sling bullet hits Terence.
Terence is lightly wounded.
Terence hits you with a +0 falchion.
You shoot a sling bullet. The sling bullet barely misses Terence.
Terence hits you with a +0 falchion!
You shoot a sling bullet. The sling bullet hits Terence.
Terence is lightly wounded.
Terence hits you with a +0 falchion.
You shoot a sling bullet. The sling bullet barely misses Terence.
Terence hits you with a +0 falchion.
You shoot a sling bullet. The sling bullet hits Terence.
Terence is moderately wounded.
Terence hits you with a +0 falchion.
You shoot a sling bullet. The sling bullet barely misses Terence.
Terence hits you with a +0 falchion. Terence closely misses you.
You shoot a sling bullet. The sling bullet hits Terence.
Terence is heavily wounded.
Terence barely misses you.
You shoot a sling bullet. The sling bullet barely misses Terence.
Terence hits you but does no damage.
You shoot a sling bullet.
The sling bullet hits Terence but does no damage.
Terence is heavily wounded.
Terence hits you with a +0 falchion.
You shoot a sling bullet. The sling bullet hits Terence.
Terence is severely wounded.
Terence hits you with a +0 falchion.
You shoot a sling bullet.
The sling bullet closely misses Terence.
Terence hits you with a +0 falchion!
You die...

#.........
..>....?..
#.........
#.........
#.........
#.........
#.?@...... #@#
######'#######
#............#
#............#
#............#
####............#
###
........##'#######
..# ........##.#
..# ........##.#


You could see Terence.

Vanquished Creatures
  An adder (D:2)
  A gnoll (D:1)
  A worm (D:2)
  3 endoplasms (D:1)
  2 giant cockroaches (D:1)
  2 goblins
  4 hobgoblins
  5 jackals
  3 quokkas (D:1)
  6 ball pythons
  4 bats
  4 frilled lizards
  3 kobolds
  3 rats (D:1)
42 creatures vanquished.

Notes
Turn   | Place    | Note
-------+----------+-------------------------------------------
     0 | D:1      | qw the Minotaur Hexslinger began the quest for the Orb.
     0 | D:1      | Reached XP level 1. HP: 16/16 MP: 1/1
     0 | D:1      | 0 ||| qw: Version: 0.3-a-52-g30416fa
     0 | D:1      | 0 ||| qw: Game counter: 6109
     0 | D:1      | 0 ||| qw: Melee chars always use a shield: true
     0 | D:1      | 0 ||| qw: God list: Okawaru
     0 | D:1      | 0 ||| qw: Allow faded altars: false
     0 | D:1      | 0 ||| qw: Do Orc after clearing Dungeon:15 true
     0 | D:1      | 0 ||| qw: Do second Lair branch before Depths: true
     0 | D:1      | 0 ||| qw: Lair rune preference: random
     0 | D:1      | 0 ||| qw: Goals: Normal
     0 | D:1      | 0 ||| PLANNING D:1-11
    73 | D:1      | Found a faded altar of an unknown god.
   104 | D:1      | Reached skill level 3 in Ranged Weapons
   104 | D:1      | Reached XP level 2. HP: 23/23 MP: 2/2
   362 | D:1      | Reached XP level 3. HP: 28/29 MP: 3/3
   409 | D:1      | 409 ||| FLEEEEING.
   410 | D:1      | 410 ||| FLEEEEING.
   705 | D:1      | 705 ||| READING scroll labelled QIHEPU ALLOIPH.
   706 | D:1      | 706 ||| DROPPING scroll of poison.
   737 | D:2      | Reached skill level 4 in Ranged Weapons
   858 | D:2      | Reached XP level 4. HP: 35/36 MP: 4/4
   893 | D:2      | Noticed Terence
   901 | D:2      | HP: 9/36 [Terence/+0 falchion (3)]
   905 | D:2      | HP: 3/36 [Terence/+0 falchion (2)]
   906 | D:2      | Slain by Terence

Levels and vault maps discovered:
D:1:      pf_arrival_petrified_forest, layout_loops_ring,
          ebering_ecumenical_altar_rust
D:2:      layout_basic, basic_altar, uniq_terence

Skill      XL: |  1  2  3 |
---------------+----------+-----
Ranged Weapons | 3 4 |  4.5
Fighting       | 2 |  2.0
Dodging        | |  2.1
Spellcasting   | |  1.0
Hexes          | |  2.0

Action                     |  1- 3 |  4- 6 || total
---------------------------+-------+-------++-------
   Fire: Sling             |   106 |    14 ||   120
    Use: Scroll            |     1 |       ||     1
 Armour: Robe              |    11 |     1 ||    12
  Dodge: Dodged            |    26 |     2 ||    28

Table legend:
 A = Non-vault XP
 B = Vault XP
 C = Vault XP percentage of total XP
 D = Non-vault monster count
 E = Vault monster count
 F = Vault count percentage of total count
                 A         B        C        D         E       F
            +---------+---------+-------+---------+---------+-------
      Total |     100 |       0 |   0.0 |      42 |       0 |   0.0
            +---------+---------+-------+---------+---------+-------
        D:1 |      61 |       0 |   0.0 |      29 |       0 |   0.0
        D:2 |      39 |       0 |   0.0 |      13 |       0 |   0.0
            +---------+---------+-------+---------+---------+-------
